 Dungeon Sprint DCSS version 0.26.1-11-gd32895ea62 (webtiles) character file.

Game seed: 2379898402162973720

13000000 Groucho the Intangible (level 27, -68/273 HPs)
             Began as a Ghoul Warper on July 5, 2021.
             Was the Champion of Makhleb.
             Annihilated by a fleshlord
             ... wielding a +9 great mace
              (327 damage)
             ... in the Dungeon (Sprint VIII: "Arena of Blood").
             The game lasted 00:05:52 (130 turns).

Groucho the Intangible (Ghoul Warper)                Turns: 130, Time: 00:05:53

Health: -68/273    AC:  6    Str: 19    XL:     27
Magic:  42/53      EV: 32    Int:  8    God:    Makhleb [******]
Gold:   0          SH:  0    Dex: 17    Spells: 80/80 levels left

rFire    . . .     SeeInvis .   c - +∞ Axe of Woe
rCold    + . .     Faith    .   (shield currently unavailable)
rNeg     + + +     Spirit   .   b - +0 leather armour
rPois    ∞         Reflect  .   (no helmet)
rElec    .         Harm     .   (no cloak)
rCorr    .         Rampage  .   (no gloves)
Will     ++...     NoTele   +   (no boots)
Stlth    +++++++++.             (no amulet)
HPRegen  0.00/turn              (no ring)
MPRegen  0.33/turn              (no ring)

@: no status effects
A: claws 1, cold resistance 1, negative energy resistance 3, inhibited
regeneration, torment resistance, unbreathing
a: Renounce Religion, Minor Destruction, Lesser Servant of Makhleb, Major
Destruction, Greater Servant of Makhleb


You were in the Dungeon.
You worshipped Makhleb.
Makhleb was exalted by your worship.
You visited 1 branch

Inventory:

Hand Weapons
 a - a +0 hand axe
 c - the +∞ Axe of Woe (weapon)
   (You found it in the Dungeon)
Missiles
 e - 5 boomerangs of dispersal (quivered)
Armour
 b - a +0 leather armour (worn)
Jewellery
 j - a +30 ring of slaying
 k - a +200 ring of slaying
 l - a +250 ring of slaying
 m - a +250 ring of slaying
 n - a +200 ring of slaying
 o - a +200 ring of slaying
 p - a +250 ring of slaying
 q - a +200 ring of slaying
 r - a +130 ring of slaying
Scrolls
 d - 2 scrolls of blinking
Potions
 f - a potion of curing
 g - a potion of heal wounds
 h - a potion of haste
 i - 2 potions of magic


   Skills:
 O Level 27 Fighting
 O Level 27 Short Blades
 O Level 27 Long Blades
 O Level 27 Axes
 O Level 27 Maces & Flails
 O Level 27 Polearms
 O Level 27 Staves
 O Level 27 Slings
 O Level 27 Bows
 O Level 27 Crossbows
 O Level 27 Throwing
 O Level 27 Armour
 O Level 27 Dodging
 O Level 27 Stealth
 O Level 27 Shields
 O Level 27 Unarmed Combat
 O Level 27 Spellcasting
 O Level 27 Conjurations
 O Level 27 Hexes
 O Level 27 Summonings
 O Level 27 Necromancy
 O Level 27 Translocations
 O Level 27 Transmutations
 O Level 27 Fire Magic
 O Level 27 Ice Magic
 O Level 27 Air Magic
 O Level 27 Earth Magic
 O Level 27 Poison Magic
 O Level 27 Invocations
 O Level 27 Evocations


You had 80 spell levels left.
You didn't know any spells.
Your spell library contained the following spells:

 Spells                   Type           Power        Failure   Level
 Blink                    Tloc           N/A          0%          2
 Gell's Gravitas          Tloc           26%          0%          3
 Lesser Beckoning         Tloc           26%          0%          3
 Teleport Other           Tloc           52%          0%          3
 Passage of Golubria      Tloc           N/A          0%          4


Dungeon Overview and Level Annotations

Branches:
Dungeon (1/1)

Altars:
Makhleb


Innate Abilities, Weirdness & Mutations

You thrive by killing the living.
You are immune to poison.
You have sharp fingernails.
Your flesh is cold resistant. (rC+)
You are immune to negative energy. (rN+++)
You do not regenerate when monsters are visible.
You are immune to unholy pain and torment.
You can survive without breathing.


Message History

You kill the scourge!
Makhleb accepts your kill.
The fleshlord appears out of thin air!
A fleshlord comes into view. It is wielding a +9 great mace.
You are engulfed in blazing flames.
You hear a shout! x2
The bag of meat is engulfed in poison gas.
The bag of meat is poisoned.
The fleshlord mumbles some strange words.
The fleshlord seems to speed up.
You hear a shout!
Unknown command.
Unknown command.
A fleshlord comes into view. It is wielding a +9 great mace.
The fleshlord shouts!
You hear a shout! x2
The fleshlord gestures wildly while chanting.
The fleshlord seems to speed up.
The fleshlord hits you with a +9 great mace!!!!!!
Ouch! That really hurt!
You die...

..........
...........
.........
#.......# .
#p......# ..
..###... ...###...
.......###S.......
.......§☼poppo....
..#)○@○)#○.....
#_§☼p_# ☼....
#)))))# ..V.
.......)_.........
O......###......o.
.X###... ...###..L
. #... ...# . #...
...# .........


You could see a scourge, 5 fleshlords and 2 bags of meat.

Vanquished Creatures
  Sigmund (D)
  8 hell beasts (D)
  4 royal mummies (D)
  A great orb of eyes (D)
  5 wraiths (D)
  Harold (D)
  7 vampire knights (D)
  28 ogres (D)
  4 two-headed ogres (D)
  10 liches (D)
  4 hydras (D)
  49 orcs (D)
  3 phantoms (D)
  5 skeletal warriors (D)
  3 sea snakes (D)
  2 large abominations (D)
  A small abomination (D)
  3 crawling corpses (D)
139 creatures vanquished.

Notes
Turn   | Place    | Note
-------+----------+-------------------------------------------
     0 | D        | Found the +∞ Axe of Woe
     0 | D        | Groucho the Ghoul Warper began the quest for the Orb.
     0 | D        | Reached XP level 1. HP: 17/17 MP: 2/2
     1 | D        | Noticed a bag of meat
     1 | D        | Noticed a bag of meat
     4 | D        | Noticed a bag of meat
     5 | D        | Became a worshipper of Makhleb the Destroyer
    10 | D        | Killed a bag of meat
    10 | D        | Killed a bag of meat
    10 | D        | Reached * piety under Makhleb
    10 | D        | Noticed a bag of meat
    11 | D        | Reached XP level 2. HP: 24/24 MP: 3/3
    11 | D        | Reached XP level 3. HP: 29/29 MP: 4/4
    11 | D        | Reached XP level 4. HP: 36/36 MP: 5/5
    11 | D        | Reached XP level 5. HP: 41/41 MP: 6/6
    11 | D        | Reached XP level 6. HP: 48/48 MP: 7/7
    11 | D        | Reached XP level 7. HP: 55/55 MP: 8/8
    11 | D        | Reached XP level 8. HP: 61/61 MP: 9/9
    11 | D        | Reached XP level 9. HP: 67/67 MP: 10/10
    11 | D        | Reached XP level 10. HP: 73/73 MP: 11/11
    11 | D        | Reached XP level 11. HP: 79/79 MP: 12/12
    11 | D        | Reached XP level 12. HP: 85/85 MP: 13/13
    11 | D        | Reached XP level 13. HP: 91/91 MP: 14/14
    11 | D        | Killed a bag of meat
    12 | D        | Reached XP level 14. HP: 99/99 MP: 15/15
    12 | D        | Noticed a meat berserker
    12 | D        | Noticed a meat berserker
    13 | D        | Noticed a bag of meat
    13 | D        | Noticed a bag of meat
    14 | D        | Killed a bag of meat
    15 | D        | Noticed a bag of meat
    18 | D        | Killed a meat berserker
    18 | D        | Reached ** piety under Makhleb
    19 | D        | Reached XP level 15. HP: 104/104 MP: 16/16
    19 | D        | Killed a meat berserker
    20 | D        | Reached skill level 27 in Axes
    20 | D        | Reached skill level 27 in Dodging
    20 | D        | Reached XP level 16. HP: 129/129 MP: 16/21
    22 | D        | Noticed a destroyer
    22 | D        | Noticed a meat berserker
    23 | D        | Reached *** piety under Makhleb
    23 | D        | Noticed a meat berserker
    24 | D        | Reached XP level 17. HP: 161/161 MP: 16/28
    24 | D        | Reached **** piety under Makhleb
    25 | D        | Reached skill level 15 in Armour
    25 | D        | Reached XP level 18. HP: 173/173 MP: 16/30
    25 | D        | Noticed a meat berserker
    26 | D        | Noticed a meat berserker
    28 | D        | Killed a meat berserker
    29 | D        | Killed a destroyer
    30 | D        | Reached XP level 19. HP: 195/195 MP: 17/33
    30 | D        | Killed a meat berserker
    33 | D        | Killed a meat berserker
    33 | D        | Reached ***** piety under Makhleb
    33 | D        | Killed a meat berserker
    33 | D        | Noticed a sculptor of flesh
    34 | D        | Reached skill level 27 in Fighting
    34 | D        | Reached skill level 27 in Unarmed Combat
    34 | D        | Reached skill level 27 in Invocations
    34 | D        | Reached XP level 20. HP: 216/216 MP: 18/36
    35 | D        | Noticed a meat berserker
    36 | D        | Noticed a large bag of meat
    37 | D        | Reached skill level 27 in Armour
    37 | D        | Noticed a meat berserker
    39 | D        | Reached skill level 10 in Translocations
    39 | D        | Noticed a large bag of meat
    42 | D        | Reached ****** piety under Makhleb
    42 | D        | Noticed a meat berserker
    43 | D        | Reached skill level 15 in Translocations
    43 | D        | Reached XP level 21. HP: 224/224 MP: 19/38
    44 | D        | Killed a meat berserker
    44 | D        | Noticed The Servant
    46 | D        | Noticed an accursed
    46 | D        | Noticed a meat berserker
    46 | D        | Noticed a meat berserker
    46 | D        | Noticed an accursed
    47 | D        | Killed a meat berserker
    47 | D        | Noticed a meat berserker
    48 | D        | Noticed a destroyer
    48 | D        | Killed a meat berserker
    48 | D        | Noticed a tyrant
    49 | D        | Reached XP level 22. HP: 219/233 MP: 21/49
    49 | D        | Killed a large bag of meat
    49 | D        | Noticed a large bag of meat
    50 | D        | Reached skill level 27 in Spellcasting
    50 | D        | Reached skill level 27 in Translocations
    50 | D        | Reached skill level 5 in Short Blades
    50 | D        | Reached skill level 5 in Long Blades
    50 | D        | Reached skill level 5 in Maces & Flails
    50 | D        | Reached skill level 5 in Polearms
    51 | D        | Killed a large bag of meat
    52 | D        | Reached XP level 23. HP: 196/240 MP: 21/53
    53 | D        | Reached skill level 15 in Short Blades
    53 | D        | Reached skill level 15 in Long Blades
    53 | D        | Reached skill level 15 in Maces & Flails
    53 | D        | Reached skill level 15 in Polearms
    53 | D        | Killed an accursed
    53 | D        | Noticed a destroyer
    54 | D        | Reached XP level 24. HP: 240/249 MP: 22/53
    54 | D        | Noticed a tyrant
    54 | D        | Noticed a tyrant
    55 | D        | Killed a tyrant
    55 | D        | Noticed a destroyer
    55 | D        | Noticed a tyrant
    56 | D        | Reached XP level 25. HP: 234/257 MP: 22/53
    57 | D        | Killed a destroyer
    58 | D        | Reached skill level 27 in Short Blades
    58 | D        | Reached skill level 27 in Long Blades
    58 | D        | Reached skill level 27 in Maces & Flails
    58 | D        | Reached skill level 27 in Polearms
    58 | D        | Reached XP level 26. HP: 203/266 MP: 23/53
    58 | D        | Noticed a destroyer
    59 | D        | Killed The Servant
    59 | D        | Killed a large bag of meat
    59 | D        | Killed an accursed
    60 | D        | Reached XP level 27. HP: 214/273 MP: 23/53
    60 | D        | Noticed a destroyer
    61 | D        | Noticed a dread
    64 | D        | Noticed a meat beast
    64 | D        | Killed a destroyer
    65 | D        | Reached skill level 27 in Staves
    65 | D        | Reached skill level 27 in Bows
    65 | D        | Reached skill level 27 in Crossbows
    65 | D        | Reached skill level 27 in Throwing
    66 | D        | Reached skill level 10 in Conjurations
    66 | D        | Reached skill level 10 in Hexes
    66 | D        | Killed a tyrant
    66 | D        | Killed a destroyer
    66 | D        | Killed a destroyer
    66 | D        | Killed a tyrant
    66 | D        | Killed a destroyer
    66 | D        | Noticed a destroyer
    68 | D        | Killed a meat beast
    68 | D        | Killed a tyrant
    69 | D        | Reached skill level 27 in Slings
    69 | D        | Reached skill level 27 in Shields
    69 | D        | Reached skill level 27 in Conjurations
    69 | D        | Reached skill level 27 in Hexes
    69 | D        | Reached skill level 10 in Summonings
    69 | D        | Reached skill level 10 in Transmutations
    69 | D        | Reached skill level 10 in Fire Magic
    69 | D        | Noticed a meat beast
    69 | D        | Noticed a tyrant
    70 | D        | Reached skill level 15 in Necromancy
    70 | D        | Noticed a tyrant
    71 | D        | Killed a dread
    72 | D        | Noticed a meat beast
    74 | D        | Killed a destroyer
    74 | D        | Noticed a meat beast
    75 | D        | Killed a meat beast
    75 | D        | Noticed a dread
    76 | D        | Reached skill level 27 in Summonings
    76 | D        | Reached skill level 27 in Necromancy
    76 | D        | Reached skill level 27 in Transmutations
    76 | D        | Reached skill level 27 in Fire Magic
    76 | D        | Reached skill level 15 in Ice Magic
    76 | D        | Reached skill level 15 in Earth Magic
    76 | D        | Noticed an accursed
    77 | D        | Killed a meat beast
    78 | D        | Killed a meat beast
    79 | D        | Reached skill level 27 in Ice Magic
    79 | D        | Reached skill level 27 in Air Magic
    79 | D        | Reached skill level 27 in Earth Magic
    79 | D        | Reached skill level 27 in Poison Magic
    80 | D        | Killed a tyrant
    81 | D        | Reached skill level 27 in Stealth
    81 | D        | Reached skill level 27 in Evocations
    83 | D        | Killed a dread
    84 | D        | Killed an accursed
    86 | D        | Noticed a meat beast
    86 | D        | Noticed a meat beast
    90 | D        | Killed a meat beast
    90 | D        | Noticed a dread
    92 | D        | Noticed a dread
    94 | D        | Noticed a tyrant
    94 | D        | Killed a tyrant
    94 | D        | Killed a tyrant
    95 | D        | Noticed an accursed
    96 | D        | Killed a meat beast
    97 | D        | Killed a dread
    97 | D        | Noticed a tyrant
    97 | D        | Noticed a tyrant
    98 | D        | Killed a dread
   103 | D        | Killed a tyrant
   105 | D        | Noticed a tyrant
   107 | D        | Killed an accursed
   107 | D        | Noticed a meat beast
   107 | D        | Noticed a large bag of meat
   110 | D        | Killed a tyrant
   111 | D        | Killed a meat beast
   112 | D        | Noticed a dread
   113 | D        | Killed a tyrant
   116 | D        | Killed a dread
   119 | D        | Killed a large bag of meat
   120 | D        | Noticed a meat beast
   121 | D        | Killed a meat beast
   122 | D        | Noticed a fleshlord
   122 | D        | Noticed a destroyer
   122 | D        | Noticed The Captor
   123 | D        | Noticed a tyrant
   126 | D        | Noticed a fleshlord
   127 | D        | Noticed a fleshlord
   127 | D        | Noticed a fleshlord
   128 | D        | Killed The Captor
   130 | D        | Noticed a fleshlord
   130 | D        | Noticed a fleshlord
   130 | D        | Annihilated by a fleshlord

Illustrated notes

Levels and vault maps discovered:
D:        meatsprint

Skill      XL: |  1  2  3  4  5  6  7  8  9 10 11 12 13 14 15 16 17 18 19 20 21 22 23 24 25 26 27 |
---------------+----------------------------------------------------------------------------------+-----
Axes           | 20 22 26 27 | 27.0
Dodging        | 20 22 26 27 | 27.0
Fighting       | 8 17 18 23 27 | 27.0
Armour         | 7 14 15 20 26 27 | 27.0
Unarmed Combat | 8 17 18 23 27 | 27.0
Invocations    | 8 17 18 23 27 | 27.0
Spellcasting   | 14 24 27 | 27.0
Translocations | 15 26 27 | 27.0
Short Blades   | 12 20 25 27 | 27.0
Long Blades    | 12 20 25 27 | 27.0
Maces & Flails | 12 20 25 27 | 27.0
Polearms       | 12 20 25 27 | 27.0
Staves         | 8 21 27 | 27.0
Bows           | 8 21 27 | 27.0
Crossbows      | 8 21 27 | 27.0
Throwing       | 8 21 27 | 27.0
Slings         | 27 | 27.0
Shields        | 27 | 27.0
Conjurations   | 27 | 27.0
Hexes          | 27 | 27.0
Summonings     | 27 | 27.0
Necromancy     | 27 | 27.0
Transmutations | 27 | 27.0
Fire Magic     | 27 | 27.0
Ice Magic      | 27 | 27.0
Air Magic      | 27 | 27.0
Earth Magic    | 27 | 27.0
Poison Magic   | 27 | 27.0
Stealth        | 27 | 27.0
Evocations     | 27 | 27.0

Action                   |  1- 3 |  4- 6 |  7- 9 | 10-12 | 13-15 | 16-18 | 19-21 | 22-24 | 25-27 || total
-------------------------+-------+-------+-------+-------+-------+-------+-------+-------+-------++-------
Melee: Executioner's axe |     1 |       |       |       |     4 |     4 |     9 |     5 |    52 ||    75
Dodge: Dodged            |       |       |       |       |       |       |       |     2 |     6 ||     8
